Cogmind - Beta 13 @@@ ROGUE MODE // 2024.05.29 @ 17:06:20 Player: N.W.L Result: Smashed by cave-in Performance ------------- Evolutions (9) 4500 Regions Visited (32) 6400 Robots Destroyed (266) 1330 Value Destroyed (11962) 11962 Prototype IDs (89) 1780 Alien Tech Used (3) 600 Bonus (12466) 12466 TOTAL SCORE: 39038 Bonus ------- Triggered High Security 500 High Alert Combat Kills 5204 Follower Combat Kills 63 Aligned with FarCom 300 Met Data Miner 300 Met Imprinter 300 Met Zhirov 300 Met Warlord at Base 500 MAIN.C Attacked Warlord 500 Warlord Defense Kills 304 Met Warlord at Research 2000 Invited to Help at Command 2000 Scanned by Researcher 500 Friendly Fire -305 Cogmind --------- Core Integrity 0/1600 Matter 79/300 Energy 100/100 System Corruption 69% Temperature Cool (0) Movement Core (50) Location -1/Access Parts ------- > --- POWER (2) -------- (None) > --- PROPULSION (8) --- (None) > --- UTILITY (11) ----- (None) > --- WEAPON (4) ------- (None) > --- INVENTORY (5) ---- Antimissile System Peak State ------------ > --- POWER ------------ Quantum Reactor Quantum Reactor > --- PROPULSION ------- Biometal Heavy Treads Biometal Heavy Treads Experimental Biometal Heavy Treads Advanced Heavy Siege Treads > --- UTILITY ---------- Advanced Heat Sink Advanced Heat Sink Large Storage Unit Experimental Optical Array 0b10 Decoder Chip [Scout] Experimental Core Analyzer Advanced Kinecellerator Advanced Weapon Cycler Centrium Light Armor Plating Thermal Barrier Antimissile System > --- WEAPON ----------- Helical Railgun Compact Mass Driver Advanced Micro-nuke Launcher Plasma Lance > --- INVENTORY -------- Light Quantum Reactor Megatreads Transdimensional Reconstructor Heavy Machine Gun Advanced Micro-nuke Launcher Advanced Micro-nuke Launcher Vortex Catalyst Activator Advanced Remote Datajack [Rating: 217] Favorites ----------- Power F-cell Engine Engine F-cell Engine Power Core Light Nuclear Core Reactor Quantum Reactor Propulsion Surge Thruster Treads Light Treads Leg Advanced Myomer Leg Wheel Compact Wheel Flight Unit Surge Thruster Utility Large Storage Unit Device Reaction Control System Storage Large Storage Unit Processor 0b10 Decoder Chip [Scout] Hackware Advanced Hacking Suite Protection Centrium Light Armor Plating Weapon Helical Railgun Energy Gun Heavy Beamcaster Energy Cannon Heavy Ion Cannon Ballistic Gun Helical Railgun Ballistic Cannon Compact Mass Driver Launcher Advanced Micro-nuke Launcher Special Weapon Welding Torch Impact Weapon Mace Slashing Weapon Segregator Piercing Weapon CR-A16's Pointy Stick Build | -11 -10 -10 -9 -9 -9 -8 -8 -7 -7 -7 -7 -7 -7 -6 -6 -6 -6 -6 -5 -5 -5 -5 -5 -4 -4 -4 -4 -4 -3 -3 -2 -1 ------- Run | Yrd Mat Min Mat Min Exi Min Mat Fac Was Fac Low Low Zio Pro Fac Low Low Dat Pro Fac Upp Upp Zhi Pro Fac Upp Upp War Pro Res Res Acc Slots Evolved 18 | . . . 2 . . . 2 2 . . . . . . 2 . . . . 2 . . . . 2 . . . . 2 2 2 Power 1 | . . . . . . . . . . . . . . . . . . . . . . . . . . . . . . 1 . . Propulsion 6 | . . . 1 . . . 2 . . . . . . . 1 . . . . 1 . . . . . . . . . 1 . . Utility 9 | . . . 1 . . . . 2 . . . . . . 1 . . . . 1 . . . . 2 . . . . . 1 1 Weapon 2 | . . . . . . . . . . . . . . . . . . . . . . . . . . . . . . . 1 1 Parts Attached 418 | 4 4 4 10 1 1 . 21 8 4 15 10 . 10 3 32 1 3 2 4 16 5 5 15 17 43 2 1 29 3 59 36 50 Power 25 | . . . 2 . . . 1 . 1 . . . . . 1 . . . . . . . 2 . 3 . . 3 . 6 4 2 Engine 8 | . . . 2 . . . . . 1 . . . . . 1 . . . . . . . 2 . 1 . . . . . . 1 Core 3 | . . . . . . . 1 . . . . . . . . . . . . . . . . . 1 . . . . 1 . . Reactor 14 | . . . . . . . . . . . . . . . . . . . . . . . . . 1 . . 3 . 5 4 1 Propulsion 73 | . 2 1 2 . . . 6 . 1 . 1 . 2 1 2 . . . . 6 . . 3 . 6 . . 9 . 14 11 6 Treads 23 | . 2 1 1 . . . . . . . . . . . . . . . . . . . . . . . . . . 2 11 6 Leg 4 | . . . . . . . . . . . . . . . . . . . . . . . 3 . 1 . . . . . . . Wheel 2 | . . . . . . . . . . . . . . . . . . . . 2 . . . . . . . . . . . . Hover . | . . . . . . . . . . . . . . . . . . . . . . . . . . . . . . . . . Flight 44 | . . . 1 . . . 6 . 1 . 1 . 2 1 2 . . . . 4 . . . . 5 . . 9 . 12 . . Utility 152 | 2 . 2 5 1 1 . 5 5 . 10 4 . 2 1 12 1 1 . 2 2 2 1 7 5 19 1 1 9 3 18 11 19 Device 97 | 1 . . 4 . . . 2 4 . 6 3 . 1 1 8 1 1 . 1 2 2 . 4 5 13 1 1 5 1 10 6 14 Storage 13 | 1 . 2 1 1 1 . 2 . . . . . . . . . . . . . . . 1 . . . . . . 2 1 1 Processor 11 | . . . . . . . 1 . . . . . 1 . 3 . . . . . . . . . 1 . . 1 . . 1 3 Hackware 4 | . . . . . . . . . . 1 . . . . . . . . . . . . 1 . . . . . . 2 . . Protection 27 | . . . . . . . . 1 . 3 1 . . . 1 . . . 1 . . 1 1 . 5 . . 3 2 4 3 1 Artifact . | . . . . . . . . . . . . . . . . . . . . . . . . . . . . . . . . . Weapon 168 | 2 2 1 1 . . . 9 3 2 5 5 . 6 1 17 . 2 2 2 8 3 4 3 12 15 1 . 8 . 21 10 23 Energy Gun 8 | 1 2 . . . . . . . . . . . . . . . . . . . . . . . 2 . . 2 . . . 1 Energy Cannon 20 | . . . . . . . 2 2 . . 1 . 2 . 2 . . 1 . . . . . 4 3 . . . . 2 . 1 Ballistic Gun 37 | 1 . . . . . . 1 . . 1 2 . 2 . 4 . 1 1 1 1 2 1 1 1 3 . . 1 . 2 6 5 Ballistic Cannon 26 | . . . . . . . 3 . 1 1 . . . . 2 . . . . 3 . 1 1 1 4 . . . . 7 1 1 Launcher 40 | . . . 1 . . . 3 . 1 1 1 . 1 1 3 . 1 . 1 1 . 2 . 4 2 1 . 3 . 2 3 8 Special Weapon 3 | . . 1 . . . . . . . . . . . . . . . . . . . . . . 1 . . 1 . . . . Impact Weapon 4 | . . . . . . . . 1 . 2 1 . . . . . . . . . . . . . . . . . . . . . Slashing Weapon 1 | . . . . . . . . . . . . . . . . . . . . . . . . . . . . 1 . . . . Piercing Weapon 29 | . . . . . . . . . . . . . 1 . 6 . . . . 3 1 . 1 2 . . . . . 8 . 7 Special Melee Weapon . | . . . . . . . . . . . . . . . . . . . . . . . . . . . . . . . . . Unidentified Prototypes 37 | . . . 1 . . . 1 . 1 . 1 . 2 . 1 . . . . . . . 5 . 1 . . 7 . 4 7 6 Corrupted Parts 4 | . . . . . . . . . . . . . . . . . . . . . . . . . . . . 3 . . 1 . System Corruption 10 | . . . . . . . . . . . . . . . . . . . . . . . . . . . . 5 . . 5 . Parts Lost 81 | . 2 . . . . . 2 . . 1 1 . . 1 1 . . . . 1 . 1 . 2 8 . . 9 . 11 . 41 Power 10 | . . . . . . . . . . . . . . . . . . . . . . . . . 1 . . 2 . 3 . 4 Propulsion 20 | . . . . . . . 1 . . . . . . . 1 . . . . 1 . 1 . 2 2 . . 2 . 5 . 5 Utility 31 | . . . . . . . . . . 1 1 . . 1 . . . . . . . . . . 2 . . 4 . 3 . 19 Weapon 20 | . 2 . . . . . 1 . . . . . . . . . . . . . . . . . 3 . . 1 . . . 13 Highest Loss Streak 14 | . 2 . . . . . 2 . . 1 1 . . 1 1 . . . . 1 . 1 . 1 5 . . 5 . 7 . 14 To Critical Strikes . | . . . . . . . . . . . . . . . . . . . . . . . . . . . . . . . . . Average Slot Usage (%) 75 | . 56 57 48 44 44 44 64 73 76 75 76 76 75 75 77 80 80 66 80 83 94 89 93 96 84 75 79 77 77 83 75 70 Engine 3 | . . . 5 11 11 11 3 . 7 7 7 7 7 7 6 6 6 6 6 5 5 5 4 5 2 . . . . . . . Reactor 2 | . . . . . . . . . . . . . . . . . . . . . . . . . . 5 5 4 5 5 7 6 Treads 4 | . 22 28 12 11 11 11 . . . . . . . . . . . . . . . . . . . . . . . . 13 11 Leg 1 | . . . . . . . . . . . . . . . . . . . . . . . 7 17 12 . . . . . . . Wheel 1 | . . . . . . . . . . . . . . . . . . . . 1 11 11 9 5 3 . . . . . . . Flight 12 | . . . 8 11 2 . 17 15 15 15 15 15 15 15 17 20 20 20 20 22 23 18 17 13 8 21 21 19 21 25 . . Device 14 | . 14 14 15 11 11 11 9 14 15 11 15 15 12 6 13 13 13 13 13 16 17 17 13 11 13 19 22 20 13 14 18 17 Storage 5 | . . 13 1 . 8 11 9 7 7 7 7 7 7 7 6 6 6 6 6 5 5 5 5 5 4 . . . . 3 4 5 Processor 10 | . . . . . . . 6 7 7 7 7 7 9 15 14 20 20 20 14 11 11 11 11 11 15 15 15 15 15 10 8 10 Hackware 1 | . . . . . . . . . . 2 . . . . . . . . . . . . 2 5 4 . . . . 6 2 . Protection 4 | . . . . . . . . 5 7 6 7 7 7 7 4 . . . 4 5 5 5 5 5 6 5 5 6 11 5 5 4 Energy Cannon 1 | . . . . . . . 4 4 7 3 4 . 6 7 2 6 6 . 6 4 . . . 2 3 . . . . . . . Ballistic Gun 3 | . 13 . . . . . . . . 3 1 7 6 4 3 . 5 . 5 . 4 4 3 . 1 5 5 . 5 3 4 5 Ballistic Cannon 1 | . . . . . . . 7 7 7 1 . . . . . . . . . . 1 3 3 4 1 . . . . 1 3 3 Piercing Weapon 1 | . . . . . . . . . . . . . . . 4 6 . . . 4 3 1 3 2 1 . . . . 1 . 2 Naked Turns 3 | . . . . . . . . . . . . . . . . . . . . . . . . . . . . . . . . 3 Heaviest Build 119 | 9 5 12 12 4 24 24 42 50 49 51 48 46 52 51 57 50 54 54 57 61 60 59 59 62 75 51 52 60 42 78 115 119 Greatest Support 685 | 3 40 40 5 5 20 20 55 53 53 53 53 53 53 53 60 59 59 59 60 69 32 32 90 90 90 52 52 53 52 78 685 680 Greatest Overweight (x) 4 | 2 1 . 3 . 1 1 . . . . . . . . 1 . . . . 3 1 1 1 . 4 . . 2 . 1 1 3 Average Overweight (x) . | . . . . . . 1 . . . . . . . . . . . . . . 1 1 . . . . . . . . . . Largest Inventory Capacity 25 | 8 5 10 10 15 15 15 15 15 15 15 15 15 15 15 15 15 15 15 15 15 15 15 15 15 15 5 5 5 5 25 15 15 Average Capacity 12 | 6 5 9 5 5 12 15 14 15 15 15 15 15 15 15 15 15 15 15 15 15 15 15 15 15 13 5 5 5 5 9 10 14 Most Carried 15 | 5 5 6 5 5 9 9 15 15 15 15 15 15 15 15 15 15 15 15 15 15 15 15 15 15 15 5 5 5 5 10 15 15 Average Carried 11 | 3 4 4 4 5 8 9 11 14 14 14 14 14 14 14 14 15 15 15 14 14 14 15 14 14 13 4 4 4 5 9 10 13 Final Capacity 15 | 5 5 5 5 5 15 15 15 15 15 15 15 15 15 15 15 15 15 15 15 15 15 15 15 15 5 5 5 5 5 10 15 5 Final Carried 15 | 5 4 5 5 5 9 9 15 15 15 15 14 15 15 14 15 15 15 15 15 15 15 15 15 15 5 5 5 5 5 10 15 1 Class Distribution -------------------- 58% | Mutant 9% | Scavenger-Tank 7% | Scavenger-Sprinter 4% | Scavenger-Mutant 4% | Scavenger-Gunner 3% | Sprinter 3% | Skirmisher Dominant Class ---------------- Mutant | -10/Materials Mutant | -10/Mines Mutant | -9/Materials Mutant | -9/Mines Mutant | -9/Exiles Mutant | -8/Mines Mutant | -8/Materials Scavenger-Mutant | -7/Factory Scavenger-Mutant | -7/Waste Mutant | -7/Factory Mutant | -7/Lower Caves Mutant | -7/Lower Caves Mutant | -7/Zion Mutant | -6/Proximity Caves Mutant | -6/Factory Mutant | -6/Lower Caves Mutant | -6/Lower Caves Mutant | -6/Data Miner Mutant | -5/Proximity Caves Mutant | -5/Factory Scavenger-Mutant | -5/Upper Caves Mutant | -5/Upper Caves Mutant | -5/Zhirov Mutant | -4/Proximity Caves Skirmisher | -4/Factory Sprinter | -4/Upper Caves Sprinter | -4/Upper Caves Sprinter | -4/Warlord Scavenger-Sprinter | -3/Proximity Caves Scavenger-Sprinter | -3/Research Scavenger-Tank | -2/Research Scavenger-Tank | -1/Access Resources | -11 -10 -10 -9 -9 -9 -8 -8 -7 -7 -7 -7 -7 -7 -6 -6 -6 -6 -6 -5 -5 -5 -5 -5 -4 -4 -4 -4 -4 -3 -3 -2 -1 ----------- Run | Yrd Mat Min Mat Min Exi Min Mat Fac Was Fac Low Low Zio Pro Fac Low Low Dat Pro Fac Upp Upp Zhi Pro Fac Upp Upp War Pro Res Res Acc Matter Collected 10516 | 243 136 27 . 87 33 . 342 95 . 289 229 130 89 77 711 95 170 . 107 202 169 237 165 305 634 103 100 290 29 1403 1133 2886 Remotely 1070 | . . . . . . . . . . . . . . . . . . . . . 133 237 165 246 119 . 10 160 . . . . Salvage Created 12519 | 21 230 . . . . . 210 53 . 204 96 94 . 198 794 . 292 . 68 323 56 144 286 839 491 41 . 68 . 1585 569 5857 Parts 516 | 4 17 . . . . . 16 3 . 1 2 5 . 8 29 . 9 . 5 10 . . 5 35 39 4 . 4 . 96 27 197 Haulers Intercepted 17 | . 1 . . . . . 1 . . 2 . . . . 1 . . . . 1 . 1 . . 1 . . . . 2 2 5 Recyclers Shooed 10 | . 3 . . . . . . . . . . . . . . . . . . 1 . . . . . . . . . 1 . 5 Parts Field Recycled . | . . . . . . . . . . . . . . . . . . . . . . . . . . . . . . . . . Retrieved Matter . | . . . . . . . . . . . . . . . . . . . . . . . . . . . . . . . . . Parts Self-Destructed 67 | . . . . . . . . . . . 9 4 . 13 . 2 9 . 4 . 2 . 2 19 . 3 . . . . . . Prevented 3 | . . . . . . . . . . . . 1 . 2 . . . . . . . . . . . . . . . . . . Kills | -11 -10 -10 -9 -9 -9 -8 -8 -7 -7 -7 -7 -7 -7 -6 -6 -6 -6 -6 -5 -5 -5 -5 -5 -4 -4 -4 -4 -4 -3 -3 -2 -1 ------- Run | Yrd Mat Min Mat Min Exi Min Mat Fac Was Fac Low Low Zio Pro Fac Low Low Dat Pro Fac Upp Upp Zhi Pro Fac Upp Upp War Pro Res Res Acc Combat Hostiles Destroyed 206 | . 3 . . . . . 4 1 . . 1 . . 5 16 . 6 . 5 1 3 5 . 12 12 4 . 3 . 19 14 92 Melee 3 | . . . . . . . . . . . . . . . . . . . . . . . . . . . . . . . . 3 Guns 40 | . 3 . . . . . . . . . 1 . . . 4 . 3 . . 1 . . . . 1 1 . 1 . 5 3 17 Cannons 61 | . . . . . . . 2 1 . . . . . 1 4 . . . . . 1 . . 5 6 . . . . 7 3 31 AOE 102 | . . . . . . . 2 . . . . . . 4 8 . 3 . 5 . 2 5 . 7 5 3 . 2 . 7 8 41 Classes Destroyed 24 | 1 4 . . . . . 4 . . 2 . 1 . 1 1 . . . . . 1 . . . 1 . . 2 . . . 6 Worker 17 | . 1 . . . . . 1 . . 1 . . . . . . . . . . . . . . 1 . . . . 6 . 7 Builder 10 | . . . . . . . . . . . . . . . . . . . . . . . . . 1 . . . . 3 . 6 Tunneler 3 | 1 . . . . . . . . . . . . . . . . . . . . . . . . . . . . . 1 . 1 Hauler 17 | . 1 . . . . . 1 . . 2 . . . . 1 . . . . 1 . 1 . . 1 . . . . 2 2 5 Recycler 14 | . . . . . . . . . . 1 . . . . 1 . . . . 1 . . . . . . . . . 3 . 8 Carrier 1 | . . . . . . . . . . . . . . . . . . . . . . . . . . . . . . . . 1 Minesweeper 1 | . . . . . . . . . . . . 1 . . . . . . . . . . . . . . . . . . . . Mechanic 4 | . . . . . . . 1 . . . . . . . . . . . . . . . . . . . . . . . . 3 Operator 2 | . . . . . . . . . . 1 . . . . . . . . . . . . . . . . . . . 1 . . Drone 3 | . . . . . . . . . . . . . . 1 . . . . . . . . . 2 . . . . . . . . Watcher 7 | . 1 . . . . . 1 . . . . . . . 1 . . . . 1 . . . . . . . . . 1 . 2 Swarmer 51 | . . . . . . . 1 . . . . . . 4 7 . . . 5 . . . . 5 6 4 . 1 . 7 3 8 Cutter 1 | . . . . . . . 1 . . . . . . . . . . . . . . . . . . . . . . . . . Saboteur 5 | . . . . . . . . . . . . . . . . . . . . . . . . . . . . 1 . . . 4 Grunt 61 | . 3 . . . . . 1 . . . 1 . . . 5 . 6 . . . 2 5 . . . . . . . . . 38 Brawler 6 | . . . . . . . . . . . . . . . . . . . . . 1 . . . . . . . . . . 5 Duelist 6 | . . . . . . . . . . . . . . . . . . . . . . . . . . . . . . . . 6 Protector 3 | . . . . . . . . . . . . . . . . . . . . . . . . . . . . . . . . 3 Sentry 13 | . . . . . . . 2 1 . . . . . . 2 . . . . 1 . . . 1 . . . . . 3 1 2 Hunter 5 | . . . . . . . . . . . . . . . . . . . . . . . . . . . . . . . . 5 Programmer 47 | . . . . . . . . . . . . . . . 2 . . . . . . . . 4 6 . . . . 9 8 18 Investigator 1 | . . . . . . . . . . . . . . . . . . . . . . . . . . . . . . . . 1 Striker 4 | . . . . . . . . . . . . . . . . . . . . . . . . . . . . 1 . . 2 1 Executioner 2 | . . . . . . . . . . . . . . . . . . . . . . . . . . . . . . . . 2 Best Kill Streak 18 | 1 3 . . . . . 2 1 . 1 1 1 . 3 4 . 3 . 5 1 3 6 . 6 6 4 . 2 . 9 6 18 Combat Bots Only 16 | . 2 . . . . . 2 1 . . 1 . . 3 4 . 3 . 5 1 3 5 . 6 5 4 . 2 . 7 6 16 Max Kills in Single Turn 9 | 1 1 . . . . . 2 1 . 1 1 1 . 3 3 . 2 . 4 1 1 4 . 4 3 3 . 1 . 9 3 6 Gunslinging . | . . . . . . . . . . . . . . . . . . . . . . . . . . . . . . . . . Exploded 7 | . . . . . . . 1 . . . . . . 3 2 . 2 . 4 . 1 4 . 4 3 3 . 1 . 7 3 6 Melee 1 | . . . . . . . . . . . . . . . . . . . . . . . . . . . . . . . . 1 Uniques/NPCs Destroyed . | . . . . . . . . . . . . . . . . . . . . . . . . . . . . . . . . . Combat | -11 -10 -10 -9 -9 -9 -8 -8 -7 -7 -7 -7 -7 -7 -6 -6 -6 -6 -6 -5 -5 -5 -5 -5 -4 -4 -4 -4 -4 -3 -3 -2 -1 -------- Run | Yrd Mat Min Mat Min Exi Min Mat Fac Was Fac Low Low Zio Pro Fac Low Low Dat Pro Fac Upp Upp Zhi Pro Fac Upp Upp War Pro Res Res Acc Hostile Shots Fired 1650 | . 46 1 2 2 . . 8 36 . 2 29 . . 19 100 . 19 . 1 1 9 13 . 59 198 41 16 61 40 172 29 746 Missed 609 | . 11 . . 1 . . 1 18 . . 13 . . 10 50 . 10 . . 1 5 5 . 21 78 30 13 19 27 77 13 206 Damage Taken 23397 | . 408 15 32 24 . . 131 127 . 29 585 . . 79 617 . 219 . 13 15 192 158 . 584 2480 241 22 1554 185 2176 354 13157 Core 2914 | . 79 . 17 13 . . 30 11 . . 33 . . 10 48 . 38 . . . . 26 . 19 177 22 . 307 45 462 17 1560 Absorbed by Shields 1528 | . . . . . . . . . . . . . . . . . . . . . . . . . . 29 25 40 93 459 162 720 Reduced by Siege Mode 834 | . . . . . . . . . . . . . . . . . . . . . . . . . . . . . . . . 834 Redirected to Shielding 126 | . . . . . . . . . . . . . . . . . . . . . . . . . 72 13 . . 41 . . . Ignored by Resistances 1094 | . . . . . . . . . . . . . . . . . . . . . 24 25 . . . . . . . . . 1045 Regen/Repaired (Parts) 1100 | . . . . . . . . . . . . . . . 15 . . . . . . . . . 650 . . 69 . 366 . . Core Remaining (%) 84 | 100 . 68 . . . 92 94 . . . . . . 92 . . . . 89 . . . . 95 . . . . 52 64 98 . Volleys Fired 705 | 1 36 1 1 . . . 34 4 . 9 23 9 . 18 66 . 18 . 10 17 8 4 1 27 68 7 2 17 . 89 56 179 Largest 4 | 2 2 1 1 . . . 2 2 . 1 2 1 . 2 2 . 2 . 1 2 2 2 1 2 2 1 1 2 . 2 3 4 Hottest 520 | 60 60 20 20 . . . 109 109 . 65 100 35 . 100 88 . 104 . 65 122 96 90 35 122 162 49 35 520 . 113 139 216 Shots Fired 1168 | 2 57 1 1 . . . 36 6 . 9 25 10 . 20 86 . 21 . 10 28 16 8 1 41 100 7 2 21 . 143 101 416 Gun 526 | 2 57 . . . . . . . . . 9 10 . 2 43 . 12 . 1 9 3 1 1 . 18 5 2 4 . 66 52 229 Cannon 524 | . . . . . . . 33 6 . 9 9 . . 16 39 . 4 . 7 19 8 1 . 35 75 . . . . 76 39 148 Launcher 115 | . . . . . . . 3 . . . 7 . . 2 4 . 5 . 2 . 5 6 . 6 6 2 . 17 . 1 10 39 Special 3 | . . 1 1 . . . . . . . . . . . . . . . . . . . . . 1 . . . . . . . Kinetic 835 | 1 36 . . . . . 21 3 . . 9 10 . 2 68 . 12 . 1 20 11 2 1 16 37 5 2 . . 126 91 361 Thermal 213 | . . 1 1 . . . 12 3 . 9 9 . . 16 14 . 4 . 7 8 . . . 19 57 . . 21 . 16 . 16 Explosive 97 | . . . . . . . 3 . . . 7 . . 2 4 . 5 . 2 . 5 6 . 6 6 2 . . . 1 10 38 Electromagnetic 22 | 1 21 . . . . . . . . . . . . . . . . . . . . . . . . . . . . . . . Entropic 1 | . . . . . . . . . . . . . . . . . . . . . . . . . . . . . . . . 1 Robot Hit Streak 20 | 1 7 2 3 . . . 5 3 . . 3 4 . 5 6 . 5 . . 5 7 4 5 10 8 4 . 2 . 11 7 20 Robot Miss Streak 16 | 1 3 . . . . . 16 2 . . 3 2 . 2 8 . 2 . 1 2 1 2 . 3 7 4 . 1 . 3 8 4 Penetration Max 2 | . . . . . . . . . . . 1 . . . 2 . . . . . . . . . . . 1 . . 1 1 1 Secondary Targets 2 | . 2 . . . . . . . . . . . . . . . . . . . . . . . . . . . . . . . Max Gunslinging Chain 1 | . 1 . . . . . . . . . . . . . . . . . . . . . . . . . . . . . . . Shots Hit Robots 713 | 1 39 1 1 . . . 18 6 . 8 8 9 . 11 52 . 13 . . 17 12 4 6 33 34 2 . 8 . 84 50 296 Core Hits 592 | 1 14 . . . . . 24 4 . . 3 2 . 8 51 . 13 . 6 8 8 16 4 26 24 6 1 13 . 47 36 277 Critical Kills 11 | . . . . . . . . . . . 1 . . . 2 . 3 . . . . . . . 1 1 . . . . . 3 Critical Parts Destroyed 17 | . . . . . . . . . . 1 3 . . . 7 . . . . 1 . . . . 1 . 1 . . 1 . 2 Critical Strikes 49 | . . . . . . . . . . 1 5 . . . 11 . 3 . . 2 1 . . 3 4 1 1 . . 4 . 13 Destroy 28 | . . . . . . . . . . . 4 . . . 10 . 3 . . 1 . . . . 2 1 1 . . 1 . 5 Blast 12 | . . . . . . . . . . . . . . . . . . . . 1 1 . . . 2 . . . . 2 . 6 Smash 2 | . . . . . . . . . . 1 1 . . . . . . . . . . . . . . . . . . . . . Impale 7 | . . . . . . . . . . . . . . . 1 . . . . . . . . 3 . . . . . 1 . 2 Melee Attacks 209 | . . . . . . . . 2 . 25 6 4 . . 41 . . . . 10 . . 5 19 1 . . 3 . 54 . 39 Thermal 3 | . . . . . . . . . . . . . . . . . . . . . . . . . . . . 3 . . . . Impact 37 | . . . . . . . . 2 . 25 6 4 . . . . . . . . . . . . . . . . . . . . Slashing . | . . . . . . . . . . . . . . . . . . . . . . . . . . . . . . . . . Piercing 169 | . . . . . . . . . . . . . . . 41 . . . . 10 . . 5 19 1 . . . . 54 . 39 Sneak Attacks 16 | . . . . . . . . . . 5 . . . . 1 . . . . 2 . . . . . . . . . 7 . 1 Combat Hostiles . | . . . . . . . . . . . . . . . . . . . . . . . . . . . . . . . . . Follow-up Attacks . | . . . . . . . . . . . . . . . . . . . . . . . . . . . . . . . . . Damage Inflicted 45366 | 15 668 3 2 . . 2 450 143 . 478 359 208 . 526 1906 . 768 . 367 529 712 1218 331 2111 1805 413 15 865 . 4950 3486 23036 Guns 9144 | 15 494 . . . . . . . . . 35 40 . . 235 . 54 . . 36 15 23 8 . 91 7 15 97 . 1277 940 5762 Cannons 10749 | . . . . . . . 234 123 . . 82 . . 298 539 . 79 . . 298 188 38 . 542 873 . . . . 1587 796 5072 Explosions 21182 | . 174 . . . . . 216 . . . 153 . . 228 790 . 635 . 367 . 509 1157 . 669 775 406 . 768 . 1054 1750 11531 Melee 4202 | . . . . . . . . 20 . 478 89 168 . . 342 . . . . 195 . . 323 900 . . . . . 1032 . 655 Ramming 85 | . . 1 . . . 2 . . . . . . . . . . . . . . . . . . 66 . . . . . . 16 Kinetic 17657 | 15 306 . . . . . 234 67 . . 35 40 . . 774 . 54 . . 307 203 61 8 302 414 7 15 . . 2864 1736 10215 Thermal 3198 | . 174 2 2 . . . . 56 . . 82 . . 298 . . 79 . . 27 . . . 240 754 . . 865 . . . 619 Explosive 18930 | . . . . . . . 216 . . . 153 . . 228 790 . 635 . 367 . 509 1157 . 669 571 406 . . . 1054 1750 10425 Electromagnetic 188 | . 188 . . . . . . . . . . . . . . . . . . . . . . . . . . . . . . . Impact 755 | . . . . . . . . 20 . 478 89 168 . . . . . . . . . . . . . . . . . . . . Slashing . | . . . . . . . . . . . . . . . . . . . . . . . . . . . . . . . . . Piercing 3447 | . . . . . . . . . . . . . . . 342 . . . . 195 . . 323 900 . . . . . 1032 . 655 Entropic 1106 | . . . . . . . . . . . . . . . . . . . . . . . . . . . . . . . . 1106 Highest Corruption 69 | . . . . . . . . . 8 8 8 8 8 . 2 2 2 2 2 . . . . 1 6 6 6 6 5 23 5 69 Average Corruption 8 | . . . . . . . . . 8 8 8 8 8 . 1 2 2 2 2 . . . . 1 3 6 6 3 5 7 5 18 Corruption Purged 6 | . . . . . . . . . . . . . . . . . . . . . . . . . 6 . . . . . . . Corruption Blocked 51 | . . . . . . . . . . . . . . . . . . . . . . . . . . . . . . . 51 . Effects 290 | . . . . . . . . . 1 33 31 6 1 . 15 3 6 . 4 . . . . 7 16 4 3 2 3 47 . 108 Message Errors 68 | . . . . . . . . . . 5 5 3 1 . 2 . 2 . 1 . . . . 4 1 2 2 . . 10 . 30 Matter Fused 57 | . . . . . . . . . . 15 3 . . . 3 1 1 . 2 . . . . . 2 . 1 . 2 7 . 20 Heat Flow Errors 32 | . . . . . . . . . . 5 6 1 . . 3 . 1 . . . . . . . 3 1 . . . 6 . 6 Energy Discharges 32 | . . . . . . . . . . 3 7 . . . 3 1 . . . . . . . 1 2 . . . 1 5 . 9 Parts Rejected 7 | . . . . . . . . . . . . . . . 1 . . . . . . . . . 1 . . . . 1 . 4 Parts Fused 3 | . . . . . . . . . . . 1 . . . . . . . . . . . . . . . . . . 2 . . Data Loss (minor) 29 | . . . . . . . . . . 2 5 . . . 1 . 1 . 1 . . . . 1 4 . . 2 . 6 . 6 Data Loss (major) 15 | . . . . . . . . . . 2 . 1 . . . 1 . . . . . . . 1 1 1 . . . 3 . 5 Misfires 9 | . . . . . . . . . . . 1 1 . . . . 1 . . . . . . . . . . . . 2 . 4 Alerts 10 | . . . . . . . . . 1 1 1 . . . 2 . . . . . . . . . 2 . . . . . . 3 Misdirections 11 | . . . . . . . . . . . . . . . . . . . . . . . . . . . . . . 4 . 7 Weapon Failures 17 | . . . . . . . . . . . 2 . . . . . . . . . . . . . . . . . . 1 . 14 Overload Shots . | . . . . . . . . . . . . . . . . . . . . . . . . . . . . . . . . . Overflow Damage 2238 | . 8 . . . . . . . . 210 96 1 . 43 94 . 5 . 9 48 15 48 . 436 90 20 . 10 . 364 39 702 Projectiles 429 | . . . . . . . . . . . 7 . . 43 5 . . . . 11 . . . 26 22 . . . . 86 10 219 Explosions 699 | . 8 . . . . . . . . . . . . . 31 . 5 . 9 . 15 48 . 6 68 20 . 10 . 39 29 411 Melee 1110 | . . . . . . . . . . 210 89 1 . . 58 . . . . 37 . . . 404 . . . . . 239 . 72 Knockbacks 66 | . . . . . . . 5 . . 2 . . . . 14 . . . . 1 1 . . 1 3 . . . . 12 . 27 Impact 3 | . . . . . . . . . . 2 . . . . . . . . . . . . . . 1 . . . . . . . Kinetic 59 | . . . . . . . 5 . . . . . . . 13 . . . . 1 1 . . 1 2 . . . . 11 . 25 Secondary 4 | . . . . . . . . . . . . . . . 1 . . . . . . . . . . . . . . 1 . 2 Self-Inflicted Damage 1716 | . 31 . . . . . . . . . 31 . . . . . 51 . . . 141 52 . 11 271 88 . . . 60 . 980 Shots 31 | . 1 . . . . . . . . . 1 . . . . . 1 . . . 4 1 . 1 3 2 . . . 1 . 16 Rammed 17 | . . 1 . . . 3 . . . . . . . . . . . . . . . . . . 7 . . . . . . 6 Targets Rammed 17 | . . 1 . . . 3 . . . . . . . . . . . . . . . . . . 7 . . . . . . 6 Kicked . | . . . . . . . . . . . . . . . . . . . . . . . . . . . . . . . . . Crushed . | . . . . . . . . . . . . . . . . . . . . . . . . . . . . . . . . . Highest Temperature 393 | . 9 . 2 . . . 128 80 . 272 393 101 . 200 255 . 268 . 190 160 48 13 . 1 247 137 . 200 . 371 198 280 Average Temperature 64 | . 2 . 2 . . . 32 33 . 88 103 55 . 73 100 . 95 . 85 75 21 8 . 1 27 78 . 110 . 61 40 42 Received Heat Transfer 2314 | . 183 9 27 29 . . 27 36 . . 21 . . 24 153 . 60 . . . 36 27 . 27 45 . . 247 41 83 12 1227 Effects 3 | . . . . . . . . . . . . . . . . . 3 . . . . . . . . . . . . . . . Energy Bleed 1 | . . . . . . . . . . . . . . . . . 1 . . . . . . . . . . . . . . . Interference 2 | . . . . . . . . . . . . . . . . . 2 . . . . . . . . . . . . . . . Siege Activations 14 | . . . . . . . . . . . . . . . . . . . . . . . . . . . . . . . 2 12 Total Turns 193 | . . . . . . . . . . . . . . . . . . . . . . . . . . . . . . . 21 172 Longest Duration 39 | . . . . . . . . . . . . . . . . . . . . . . . . . . . . . . . 17 39 Robots Corrupted . | . . . . . . . . . . . . . . . . . . . . . . . . . . . . . . . . . Combat Hostiles . | . . . . . . . . . . . . . . . . . . . . . . . . . . . . . . . . . Parts Fried 7 | . . . . . . . . . . 7 . . . . . . . . . . . . . . . . . . . . . . Impact Corruptions 12 | . . . . . . . . . . 8 3 1 . . . . . . . . . . . . . . . . . . . . Robots Melted . | . . . . . . . . . . . . . . . . . . . . . . . . . . . . . . . . . Combat Hostiles . | . . . . . . . . . . . . . . . . . . . . . . . . . . . . . . . . . Parts Melted 1 | . . . . . . . . . . . . . . . . . . . . . . . . . 1 . . . . . . . Heat Transferred 3881 | . 300 25 25 . . . . 74 . . 111 . . 407 . . 111 . . 37 . . . 296 668 . . 1309 . . . 518 Parts Sabotaged 4 | . . . . . . . . . . . . . . . . . . . . . . . . . . . . . . . . 4 Parts Stolen . | . . . . . . . . . . . . . . . . . . . . . . . . . . . . . . . . . Parts Stripped . | . . . . . . . . . . . . . . . . . . . . . . . . . . . . . . . . . Power Chain Reactions 2 | . 2 . . . . . . . . . . . . . . . . . . . . . . . . . . . . . . . Alert | -11 -10 -10 -9 -9 -9 -8 -8 -7 -7 -7 -7 -7 -7 -6 -6 -6 -6 -6 -5 -5 -5 -5 -5 -4 -4 -4 -4 -4 -3 -3 -2 -1 ------- Run | Yrd Mat Min Mat Min Exi Min Mat Fac Was Fac Low Low Zio Pro Fac Low Low Dat Pro Fac Upp Upp Zhi Pro Fac Upp Upp War Pro Res Res Acc Peak Influence 2889 | 5 158 59 80 46 . . 399 217 105 163 . . . . 658 . . . . 133 . . . . 617 . . . . 696 571 2889 Initial 391 | . 3 59 5 31 . . . 156 75 73 . . . . 219 . . . . 69 . . . . 194 . . . . 81 391 331 Average 416 | 2 84 27 35 35 . . 222 188 89 67 . . . . 387 . . . . 56 . . . . 210 . . . . 217 460 1367 Maximum Alert Level 5 | . . . . . . . 1 1 . . . . . . 2 . . . . . . . . . 2 . . . . 2 2 5 Low Security (%) 45 | 100 100 100 100 100 . 100 30 38 100 100 . . . . 16 . . . . 100 . . . . 64 . . . . 57 . . Level 1 19 | . . . . . . . 69 61 . . . . . . 31 . . . . . . . . . 21 . . . . 29 27 3 Level 2 22 | . . . . . . . . . . . . . . . 52 . . . . . . . . . 13 . . . . 12 72 25 Level 3 1 | . . . . . . . . . . . . . . . . . . . . . . . . . . . . . . . . 8 Level 4 4 | . . . . . . . . . . . . . . . . . . . . . . . . . . . . . . . . 29 Level 5 . | . . . . . . . . . . . . . . . . . . . . . . . . . . . . . . . . 2 High Security 5 | . . . . . . . . . . . . . . . . . . . . . . . . . . . . . . . . 30 Max Security . | . . . . . . . . . . . . . . . . . . . . . . . . . . . . . . . . . Squads Dispatched 66 | . 3 . 2 . . . 1 . . 2 . . . . 5 . . . . . . . . . 8 . . . . 8 1 36 Investigation 5 | . 1 . . . . . . . . 1 . . . . . . . . . . . . . . 2 . . . . 1 . . Extermination 15 | . . . . . . . . . . 1 . . . . 2 . . . . . . . . . 4 . . . . 4 . 4 Reinforcement 16 | . 2 . 2 . . . 1 . . . . . . . 2 . . . . . . . . . 2 . . . . 2 1 4 Assault 27 | . . . . . . . . . . . . . . . 1 . . . . . . . . . . . . . . 1 . 25 Garrison 3 | . . . . . . . . . . . . . . . . . . . . . . . . . . . . . . . . 3 Intercept . | . . . . . . . . . . . . . . . . . . . . . . . . . . . . . . . . . Searches Triggered . | . . . . . . . . . . . . . . . . . . . . . . . . . . . . . . . . . Data Miner Redirects 1 | . . . . . . . . . . . . . . . . . . . . . . . . . 1 . . . . . . . Construction Impeded 4 | . . . . . . . . . . . . . . . 1 . . . . . . . . . . . . . . 1 . 2 Haulers Reinforced 4 | . . . . . . . . . . . . . . . . . . . . . . . . . . . . . . 1 1 2 Active Scanning Responses . | . . . . . . . . . . . . . . . . . . . . . . . . . . . . . . . . . Cargo Convoy Interrupts . | . . . . . . . . . . . . . . . . . . . . . . . . . . . . . . . . . Stealth | -11 -10 -10 -9 -9 -9 -8 -8 -7 -7 -7 -7 -7 -7 -6 -6 -6 -6 -6 -5 -5 -5 -5 -5 -4 -4 -4 -4 -4 -3 -3 -2 -1 --------- Run | Yrd Mat Min Mat Min Exi Min Mat Fac Was Fac Low Low Zio Pro Fac Low Low Dat Pro Fac Upp Upp Zhi Pro Fac Upp Upp War Pro Res Res Acc Distress Signals 22 | . 1 . . . . . . . . . . . . . 3 . . . . . . . . . 2 . . . . 2 9 5 Communications Jammed 95 | . . . . . . . . . . . . . . . . . . . . . . . . 1 94 . . . . . . . Distress Signals 84 | . . . . . . . . . . . . . . . . . . . . . . . . . 84 . . . . . . . Times Spotted 559 | . 19 2 7 2 . . 10 1 4 2 9 . . 3 44 . 11 . 6 3 3 6 . 12 38 16 11 62 20 59 39 170 Peak Tracking Total 17 | . 8 2 3 1 . . 6 1 4 1 4 . . 1 6 . 4 . 5 1 3 5 . 2 9 10 8 15 15 12 7 17 Tactical Retreats 60 | . 1 . 2 . . . 1 . . 1 7 . . 1 6 . 3 . 1 . . . . 1 10 4 4 2 3 9 1 3 Traps | -11 -10 -10 -9 -9 -9 -8 -8 -7 -7 -7 -7 -7 -7 -6 -6 -6 -6 -6 -5 -5 -5 -5 -5 -4 -4 -4 -4 -4 -3 -3 -2 -1 ------- Run | Yrd Mat Min Mat Min Exi Min Mat Fac Was Fac Low Low Zio Pro Fac Low Low Dat Pro Fac Upp Upp Zhi Pro Fac Upp Upp War Pro Res Res Acc Traps Triggered 5 | . . . . . . . . 1 . . . . . . 1 . . . . . . . . . 2 . . . . . . 1 Indirectly . | . . . . . . . . . . . . . . . . . . . . . . . . . . . . . . . . . Trap Hack Attempts . | . . . . . . . . . . . . . . . . . . . . . . . . . . . . . . . . . Triggered . | . . . . . . . . . . . . . . . . . . . . . . . . . . . . . . . . . Disarmed . | . . . . . . . . . . . . . . . . . . . . . . . . . . . . . . . . . Reprogrammed . | . . . . . . . . . . . . . . . . . . . . . . . . . . . . . . . . . Reused . | . . . . . . . . . . . . . . . . . . . . . . . . . . . . . . . . . Traps Extracted . | . . . . . . . . . . . . . . . . . . . . . . . . . . . . . . . . . Installed . | . . . . . . . . . . . . . . . . . . . . . . . . . . . . . . . . . Triggered 12 | . . . . . . . . . . . . . . 1 . . . . . . . . . . . . . 11 . . . . Machines | -11 -10 -10 -9 -9 -9 -8 -8 -7 -7 -7 -7 -7 -7 -6 -6 -6 -6 -6 -5 -5 -5 -5 -5 -4 -4 -4 -4 -4 -3 -3 -2 -1 ---------- Run | Yrd Mat Min Mat Min Exi Min Mat Fac Was Fac Low Low Zio Pro Fac Low Low Dat Pro Fac Upp Upp Zhi Pro Fac Upp Upp War Pro Res Res Acc Machines Disabled 22 | . 1 . . . . . . . . 1 1 . . . 3 . . . . . . . . . 7 . . . . 4 2 3 Max in Single Turn 5 | . 1 . . . . . . . . 1 1 . . . 2 . . . . . . . . . 5 . . . . 1 1 1 Garrison Access 6 | . . . . . . . . . . 1 . . . . 1 . . . . 1 . . . . 1 . . . . 1 1 . Machines Repaired . | . . . . . . . . . . . . . . . . . . . . . . . . . . . . . . . . . Machines Dismantled 1 | . . . . . . . . . . . . . . . . . . . . . . . . . . . . 1 . . . . Machines Sabotaged . | . . . . . . . . . . . . . . . . . . . . . . . . . . . . . . . . . Overloaded Fab Kills . | . . . . . . . . . . . . . . . . . . . . . . . . . . . . . . . . . Hacking | -11 -10 -10 -9 -9 -9 -8 -8 -7 -7 -7 -7 -7 -7 -6 -6 -6 -6 -6 -5 -5 -5 -5 -5 -4 -4 -4 -4 -4 -3 -3 -2 -1 --------- Run | Yrd Mat Min Mat Min Exi Min Mat Fac Was Fac Low Low Zio Pro Fac Low Low Dat Pro Fac Upp Upp Zhi Pro Fac Upp Upp War Pro Res Res Acc Machines Accessed 76 | . 3 . 1 . 2 . 4 2 . 11 1 1 . . 10 1 . 4 1 2 . . 6 . 10 . . 3 . 12 . 2 Terminals 29 | . 1 . 1 . . . 3 2 . 3 . . . . 7 1 . . 1 . . . . . 4 . . . . 6 . . Fabricators 3 | . . . . . . . . . . 2 . . . . . . . . . . . . . . 1 . . . . . . . Repair Stations 7 | . . . . . . . . . . 1 . . . . 1 . . . . 1 . . . . 2 . . . . 1 . 1 Recycling Units 9 | . 2 . . . . . 1 . . 2 . . . . . . . . . . . . . . 2 . . . . 2 . . Scanalyzers 2 | . . . . . . . . . . . . . . . 1 . . . . . . . . . . . . . . 1 . . Garrison Access 9 | . . . . . . . . . . 3 . . . . 1 . . . . 1 . . . . 1 . . . . 2 . 1 Total Hacks 204 | . 9 . 2 . 5 . 7 6 . 26 1 1 . . 22 1 . 32 1 5 . . 20 . 31 . . 7 . 25 . 3 Successful 126 | . 1 . 1 . 5 . 4 1 . 10 1 1 . . 12 1 . 32 1 1 . . 20 . 14 . . 7 . 13 . 1 Failed 78 | . 8 . 1 . . . 3 5 . 16 . . . . 10 . . . . 4 . . . . 17 . . . . 12 . 2 Catastrophic 11 | . . . 1 . . . 1 . . 4 . . . . 1 . . . . . . . . . 2 . . . . 2 . . Database Lockouts . | . . . . . . . . . . . . . . . . . . . . . . . . . . . . . . . . . Manual 42 | . 3 . . . 1 . 3 3 . 8 . . . . 4 . . . . . . . . . 10 . . . . 10 . . Terminals 65 | . 3 . 2 . . . 6 6 . 8 . . . . 13 1 . . 1 . . . . . 12 . . . . 13 . . Fabricators 6 | . . . . . . . . . . 5 . . . . . . . . . . . . . . 1 . . . . . . . Repair Stations 24 | . . . . . . . . . . 4 . . . . 3 . . . . 2 . . . . 11 . . . . 2 . 2 Recycling Units 16 | . 6 . . . . . 1 . . 3 . . . . . . . . . . . . . . 3 . . . . 3 . . Scanalyzers 6 | . . . . . . . . . . . . . . . 3 . . . . . . . . . . . . . . 3 . . Garrison Access 21 | . . . . . . . . . . 6 . . . . 3 . . . . 3 . . . . 4 . . . . 4 . 1 Terminal Hacks 85 | . . . 1 . 5 . 2 . . 2 1 1 . . 5 1 . 32 1 . . . 20 . 2 . . 7 . 5 . . Record 31 | . . . . . 4 . 1 . . . 1 . . . . 1 . 11 1 . . . 8 . 2 . . 2 . . . . Part Schematic 17 | . . . . . . . . . . . . . . . 1 . . 11 . . . . 4 . . . . . . 1 . . Robot Schematic 7 | . . . . . . . . . . . . . . . . . . 7 . . . . . . . . . . . . . . Robot Analysis 4 | . . . . . . . . . . . . . . . . . . . . . . . 4 . . . . . . . . . Prototype ID Bank 12 | . . . . . . . . . . . . . . . 1 . . 3 . . . . 4 . . . . 4 . . . . Open Door 2 | . . . . . . . . . . . . 1 . . . . . . . . . . . . . . . 1 . . . . Open DSF 1 | . . . . . . . . . . . . . . . 1 . . . . . . . . . . . . . . . . . Branch Access Points 3 | . . . . . . . . . . 1 . . . . 1 . . . . . . . . . . . . . . 1 . . Terminal Index 2 | . . . 1 . . . . . . . . . . . . . . . . . . . . . . . . . . 1 . . Alert Level 2 | . . . . . . . 1 . . . . . . . 1 . . . . . . . . . . . . . . . . . Unreport Threat 1 | . . . . . . . . . . . . . . . . . . . . . . . . . . . . . . 1 . . Recall Investigation 1 | . . . . . . . . . . . . . . . . . . . . . . . . . . . . . . 1 . . Zone Layout 1 | . . . . . . . . . . 1 . . . . . . . . . . . . . . . . . . . . . . Derelict Proto ID Bank 1 | . . . . . 1 . . . . . . . . . . . . . . . . . . . . . . . . . . . Fabricator Hacks 2 | . . . . . . . . . . 2 . . . . . . . . . . . . . . . . . . . . . . Network Status 2 | . . . . . . . . . . 2 . . . . . . . . . . . . . . . . . . . . . . Repair Station Hacks 14 | . . . . . . . . . . 1 . . . . 2 . . . . . . . . . 8 . . . . 2 . 1 Scan Component 8 | . . . . . . . . . . 1 . . . . 1 . . . . . . . . . 4 . . . . 1 . 1 Repair 6 | . . . . . . . . . . . . . . . 1 . . . . . . . . . 4 . . . . 1 . . Recycling Unit Hacks 6 | . 1 . . . . . 1 . . 1 . . . . . . . . . . . . . . 2 . . . . 1 . . Retrieve Matter 1 | . . . . . . . . . . . . . . . . . . . . . . . . . 1 . . . . . . . Retrieve Components 5 | . 1 . . . . . 1 . . 1 . . . . . . . . . . . . . . 1 . . . . 1 . . Scanalyzer 4 | . . . . . . . . . . . . . . . 2 . . . . . . . . . . . . . . 2 . . Insert Component 2 | . . . . . . . . . . . . . . . 1 . . . . . . . . . . . . . . 1 . . Analyze 2 | . . . . . . . . . . . . . . . 1 . . . . . . . . . . . . . . 1 . . Garrison Access Hacks 5 | . . . . . . . . . . 1 . . . . 1 . . . . 1 . . . . 1 . . . . 1 . . Seal Access 5 | . . . . . . . . . . 1 . . . . 1 . . . . 1 . . . . 1 . . . . 1 . . Unauthorized Hacks 10 | . . . . . . . 1 1 . 3 . . . . 2 . . . . . . . . . 1 . . . . 2 . . Terminals 8 | . . . . . . . 1 1 . 2 . . . . 2 . . . . . . . . . 1 . . . . 1 . . Botnet 8 | . . . . . . . 1 1 . 2 . . . . 2 . . . . . . . . . 1 . . . . 1 . . Fabricators 1 | . . . . . . . . . . 1 . . . . . . . . . . . . . . . . . . . . . . Fabnet 1 | . . . . . . . . . . 1 . . . . . . . . . . . . . . . . . . . . . . Repair Stations . | . . . . . . . . . . . . . . . . . . . . . . . . . . . . . . . . . Recycling Units 1 | . . . . . . . . . . . . . . . . . . . . . . . . . . . . . . 1 . . Monitor 1 | . . . . . . . . . . . . . . . . . . . . . . . . . . . . . . 1 . . Scanalyzers . | . . . . . . . . . . . . . . . . . . . . . . . . . . . . . . . . . Garrison Access . | . . . . . . . . . . . . . . . . . . . . . . . . . . . . . . . . . Data Cores Recovered . | . . . . . . . . . . . . . . . . . . . . . . . . . . . . . . . . . Used . | . . . . . . . . . . . . . . . . . . . . . . . . . . . . . . . . . Hacking Detections 45 | . 3 . 1 . . . 3 2 . 8 . . . . 8 . . . . . . . . . 8 . . . . 10 . 2 Full Trace Events 5 | . 2 . . . . . . . . 1 . . . . . . . . . . . . . . 1 . . . . 1 . . Feedback Events 2 | . . . . . . . . . . 1 . . . . . . . . . . . . . . 1 . . . . . . . Corruption 1 | . . . . . . . . . . . . . . . . . . . . . . . . . 1 . . . . . . . Hackware Fried 1 | . . . . . . . . . . 1 . . . . . . . . . . . . . . . . . . . . . . Feedback Blocked . | . . . . . . . . . . . . . . . . . . . . . . . . . . . . . . . . . Robot Schematics Acquired 7 | . . . . . . . . . . . . . . . . . . 7 . . . . . . . . . . . . . . Robots Built . | . . . . . . . . . . . . . . . . . . . . . . . . . . . . . . . . . Authchips . | . . . . . . . . . . . . . . . . . . . . . . . . . . . . . . . . . Time . | . . . . . . . . . . . . . . . . . . . . . . . . . . . . . . . . . Total Robot Build Rating . | . . . . . . . . . . . . . . . . . . . . . . . . . . . . . . . . . Part Schematics Acquired 19 | . . . . . . . . . . . . . . . 2 . . 11 . . . . 4 . . . . . . 2 . . Parts Built . | . . . . . . . . . . . . . . . . . . . . . . . . . . . . . . . . . Authchips . | . . . . . . . . . . . . . . . . . . . . . . . . . . . . . . . . . Time . | . . . . . . . . . . . . . . . . . . . . . . . . . . . . . . . . . Total Part Build Rating . | . . . . . . . . . . . . . . . . . . . . . . . . . . . . . . . . . Parts Repaired 6 | . . . . . . . . . . . . . . . 1 . . . . . . . . . 4 . . . . 1 . . Time 382 | . . . . . . . . . . . . . . . 86 . . . . . . . . . 242 . . . . 54 . . Parts Recycled . | . . . . . . . . . . . . . . . . . . . . . . . . . . . . . . . . . Recycled Matter . | . . . . . . . . . . . . . . . . . . . . . . . . . . . . . . . . . Retrieved Matter . | . . . . . . . . . . . . . . . . . . . . . . . . . . . . . . . . . Retrieved Components 8 | . . . . . . . 1 . . 2 . . . . . . . . . . . . . . 2 . . . . 3 . . Parts Scanalyzed 2 | . . . . . . . . . . . . . . . 1 . . . . . . . . . . . . . . 1 . . Part Schematics Acquired 2 | . . . . . . . . . . . . . . . 1 . . . . . . . . . . . . . . 1 . . Parts Damaged 1 | . . . . . . . . . . . . . . . . . . . . . . . . . . . . . . 1 . . Bothacking | -11 -10 -10 -9 -9 -9 -8 -8 -7 -7 -7 -7 -7 -7 -6 -6 -6 -6 -6 -5 -5 -5 -5 -5 -4 -4 -4 -4 -4 -3 -3 -2 -1 ------------ Run | Yrd Mat Min Mat Min Exi Min Mat Fac Was Fac Low Low Zio Pro Fac Low Low Dat Pro Fac Upp Upp Zhi Pro Fac Upp Upp War Pro Res Res Acc Used RIF Installer . | . . . . . . . . . . . . . . . . . . . . . . . . . . . . . . . . . Robots Hacked 1 | . . . . . . . . . . . . . . . . 1 . . . . . . . . . . . . . . . . Non-combat . | . . . . . . . . . . . . . . . . . . . . . . . . . . . . . . . . . Combat 1 | . . . . . . . . . . . . . . . . 1 . . . . . . . . . . . . . . . . Robot Hacks Applied . | . . . . . . . . . . . . . . . . . . . . . . . . . . . . . . . . . Relay Couplers Released 3 | . . . . . . . . . . . . . . . . . . . . . . . . . 2 . . . . . 1 . Machine Destruction 3 | . . . . . . . . . . . . . . . . . . . . . . . . . 2 . . . . . 1 . Fabnet Peak Effective % 3 | . . . . . . . . . . . . . . 3 3 3 3 3 1 1 1 1 1 . . . . . . . . . Autooverrided 1 | . . . . . . . . . . . . . . . . 1 . . . . . . . . . . . . . . . . Robots Rewired 1 | . . . . . . . . . . . . . . . . . . . . 1 . . . . . . . . . . . . Allies Hacked . | . . . . . . . . . . . . . . . . . . . . . . . . . . . . . . . . . Hacks Repelled . | . . . . . . . . . . . . . . . . . . . . . . . . . . . . . . . . . Allies | -11 -10 -10 -9 -9 -9 -8 -8 -7 -7 -7 -7 -7 -7 -6 -6 -6 -6 -6 -5 -5 -5 -5 -5 -4 -4 -4 -4 -4 -3 -3 -2 -1 -------- Run | Yrd Mat Min Mat Min Exi Min Mat Fac Was Fac Low Low Zio Pro Fac Low Low Dat Pro Fac Upp Upp Zhi Pro Fac Upp Upp War Pro Res Res Acc Total Allies 9 | . . . . 3 . . . . . . . . . . 1 1 . . . 1 . . . . 3 . . . . . . . Largest Group 3 | . . . . 3 3 3 3 . . . . . . . 1 1 . . . 1 1 . . . 2 . . . . . . . Highest-Rated Group 92 | . . . . 40 40 40 40 . . . . . . . 26 29 . . . 49 49 . . . 92 . . . . . . . Highest-Rated Ally 49 | . . . . 16 16 16 16 . . . . . . . 26 29 . . . 49 49 . . . 46 . . . . . . . Total Orders 42 | . . . . . . . . . . . . . . . 13 3 11 . 2 8 1 . . . 3 . . 1 . . . . STAY 12 | . . . . . . . . . . . . . . . 5 1 1 . . 3 1 . . . 1 . . . . . . . FOLLOW 8 | . . . . . . . . . . . . . . . 4 . . . . 3 . . . . 1 . . . . . . . EXPLORE 7 | . . . . . . . . . . . . . . . . 1 5 . 1 . . . . . . . . . . . . . RETURN 15 | . . . . . . . . . . . . . . . 4 1 5 . 1 2 . . . . 1 . . 1 . . . . Ally Attacks 38 | . . . . 3 . . 16 . . . . . . . . 5 . . . 4 1 . . . 9 . . . . . . . Total Damage 670 | . . . . 43 . . 189 . . . . . . . . 94 . . . 103 47 . . . 194 . . . . . . . Kills 6 | . . . . 1 . . 2 . . . . . . . . 1 . . . 1 . . . . 1 . . . . . . . Allies Corrupted . | . . . . . . . . . . . . . . . . . . . . . . . . . . . . . . . . . Allies Melted . | . . . . . . . . . . . . . . . . . . . . . . . . . . . . . . . . . Intel | -11 -10 -10 -9 -9 -9 -8 -8 -7 -7 -7 -7 -7 -7 -6 -6 -6 -6 -6 -5 -5 -5 -5 -5 -4 -4 -4 -4 -4 -3 -3 -2 -1 ------- Run | Yrd Mat Min Mat Min Exi Min Mat Fac Was Fac Low Low Zio Pro Fac Low Low Dat Pro Fac Upp Upp Zhi Pro Fac Upp Upp War Pro Res Res Acc Robot Analysis Total 4 | . . . . . . . . . . . . . . . . . . . . . . . 4 . . . . . . . . . Derelict Logs Recovered 16 | . . 2 . . . . . . . . 1 . 1 2 . . . . 1 . 2 1 . 2 . 2 2 . . . . . Drone Launches 17 | . . . . . . . . . . . . . . . 4 2 6 . 1 2 . . . . 1 . . 1 . . . . Drone Recoveries 16 | . . . . . . . . . . . . . . . 4 2 5 . 1 2 . . . . 1 . . 1 . . . . Decoded 0b10 Intel 298 | . . . . . . . . . . . . . . . 58 . . . . 12 . . . . 125 . . . . 59 14 30 Traps 58 | . . . . . . . . . . . . . . . 12 . . . . 8 . . . . 20 . . . . . . 18 Emergency Access 59 | . . . . . . . . . . . . . . . 8 . . . . 4 . . . . 4 . . . . 18 13 12 Items 171 | . . . . . . . . . . . . . . . 29 . . . . . . . . . 101 . . . . 41 . . Machines 2 | . . . . . . . . . . . . . . . 2 . . . . . . . . . . . . . . . . . Garrisons 1 | . . . . . . . . . . . . . . . . . . . . . . . . . . . . . . . 1 . Patrols 6 | . . . . . . . . . . . . . . . 6 . . . . . . . . . . . . . . . . . Guards 1 | . . . . . . . . . . . . . . . 1 . . . . . . . . . . . . . . . . . Exploration | -11 -10 -10 -9 -9 -9 -8 -8 -7 -7 -7 -7 -7 -7 -6 -6 -6 -6 -6 -5 -5 -5 -5 -5 -4 -4 -4 -4 -4 -3 -3 -2 -1 ------------- Run | Yrd Mat Min Mat Min Exi Min Mat Fac Was Fac Low Low Zio Pro Fac Low Low Dat Pro Fac Upp Upp Zhi Pro Fac Upp Upp War Pro Res Res Acc Turns Passed 20949 | 44 235 873 188 310 460 410 744 170 53 799 805 179 598 362 2049 207 436 35 342 648 347 514 357 952 1641 157 110 681 124 2230 1492 2397 Spaces Moved 21147 | 46 174 529 186 245 261 168 1070 276 111 1221 1129 339 1165 551 1869 325 522 89 673 531 268 430 233 605 1264 396 318 877 367 3194 779 936 Core 322 | 46 165 80 27 . . . . . . . . . . . . . . . . . . . . . . . . . . . . 4 Treads 2481 | . 9 449 . . 144 168 . . . . . . . . . . . . . . . . . . . . . . . . 779 932 Legs 1417 | . . . . . . . . . . . . . . . . . . . . . . . 117 605 695 . . . . . . . Wheels 864 | . . . . . . . . . . . . . . . . . . . . 50 268 430 116 . . . . . . . . . Hover . | . . . . . . . . . . . . . . . . . . . . . . . . . . . . . . . . . Flight 16063 | . . . 159 245 117 . 1070 276 111 1221 1129 339 1165 551 1869 325 522 89 673 481 . . . . 569 396 318 877 367 3194 . . Fastest Speed 24 | 50 50 50 40 60 60 240 39 39 39 39 39 39 39 39 31 35 35 35 31 32 115 115 115 120 32 32 32 27 32 24 140 50 Average Speed 62 | 66 64 143 70 60 159 240 41 39 39 39 39 39 39 39 36 35 35 35 34 45 115 115 117 120 84 32 32 43 32 30 163 166 Slowest Speed 390 | 150 160 160 200 60 240 240 50 39 39 39 39 39 39 39 94 35 35 35 35 171 115 115 190 120 390 32 32 195 32 117 275 217 Overloaded Moves 25 | . . . . . . . . . . . . . . . 15 . . . 8 . . . . . . . . . . 2 . . Propulsion Burnouts . | . . . . . . . . . . . . . . . . . . . . . . . . . . . . . . . . . Robots Hopped 45 | . . . . . . . 14 . . 8 . . . . 5 . 1 . . 4 . . . . 3 2 . . . 8 . . Cave-ins Triggered 2 | . . . . . . . . . . . . . . . . . . . . . . . . . . . . . . 1 . 1 Teleports 1 | . . . . . . . . . . . . . . . . . . . . . . . . . . . . . . . . 1 Exploration Rate (%) 56 | 4 40 83 28 37 68 50 46 9 94 38 87 59 88 77 51 69 84 74 72 12 63 65 63 73 41 67 63 82 75 46 26 27 Regions Visited 32 Branch Regions 20 Pre-discovered Areas 11 | . . . . . 1 . . . . . . . 4 . . . . 1 . . . . 3 2 . . . . . . . . Known Exits Taken 12 | . . 1 . . . 1 . . . 1 1 . . 1 1 1 1 . 1 1 . . . . . 1 . . 1 . . . Unknown Exits Taken 18 | 1 1 . 1 1 1 . 1 . . . . 1 1 . . . . 1 . . 1 1 1 1 1 . 1 1 . 1 1 . Scrap Searched 27 | . . 1 . . . . . . . . 2 1 4 1 . 2 1 . 1 . 3 2 . 2 . 1 3 . 3 . . . Spaces Dug 226 | . . . . . . . 19 1 . 16 3 . . 8 38 . . . 1 4 . . . 20 20 . . . . 39 4 53 Terrain Destroyed 1550 | . 5 . . . . . 40 1 . 16 79 . . 19 77 . 41 . 36 9 48 64 . 82 139 59 . 40 . 101 160 534 Melee 105 | . . . . . . . . . . 13 1 . . . 33 . . . . 4 . . . 5 1 . . . . 32 . 16 Projectile 259 | . . . . . . . 10 1 . 3 4 . . 1 11 . 1 . 2 5 3 2 . 14 49 . . . . 50 35 68 AOE 1186 | . 5 . . . . . 30 . . . 74 . . 18 33 . 40 . 34 . 45 62 . 63 89 59 . 40 . 19 125 450 Terrain Rammed . | . . . . . . . . . . . . . . . . . . . . . . . . . . . . . . . . . Walls Destroyed . | . . . . . . . . . . . . . . . . . . . . . . . . . . . . . . . . . Machines Disabled . | . . . . . . . . . . . . . . . . . . . . . . . . . . . . . . . . . Actions | -11 -10 -10 -9 -9 -9 -8 -8 -7 -7 -7 -7 -7 -7 -6 -6 -6 -6 -6 -5 -5 -5 -5 -5 -4 -4 -4 -4 -4 -3 -3 -2 -1 --------- Run | Yrd Mat Min Mat Min Exi Min Mat Fac Was Fac Low Low Zio Pro Fac Low Low Dat Pro Fac Upp Upp Zhi Pro Fac Upp Upp War Pro Res Res Acc Total 27418 | 57 239 642 245 408 307 172 1321 327 120 1479 1452 369 1311 676 3051 417 751 92 768 882 288 439 304 741 1720 416 323 1136 371 4214 930 1450 Wait 4637 | . 23 99 37 161 44 2 176 31 . 209 281 17 116 104 1033 92 210 . 80 303 5 . 30 70 314 13 2 173 2 785 16 209 Move 21031 | 45 173 528 185 244 260 167 1045 276 110 1204 1128 338 1164 550 1859 324 519 88 672 522 267 429 232 604 1257 391 317 876 366 3177 778 936 Hop 40 | . . . . . . . 10 . . 8 . . . . 4 . 1 . . 4 . . . . 3 2 . . . 8 . . Pick Up 123 | 5 2 4 2 . 1 . 21 4 2 3 1 1 7 . 10 . . . 1 4 1 . 5 1 8 1 1 6 . 12 12 8 Fast Attach 165 | 2 . 1 2 1 . . 3 . 2 1 2 . 6 1 2 . . 2 . 2 . . 12 2 15 . . 22 3 33 23 28 Attach 78 | 2 4 2 8 . 1 . 8 2 . 1 1 . 1 1 3 . . . 1 3 . . 1 . 9 2 1 . . 4 7 16 Detach 27 | 2 1 2 6 1 1 . 4 . . . . . . . . . . . . . . . 1 . 3 . . 1 . 1 1 3 Swap 179 | . . 1 . . . . 11 6 2 13 8 . 3 1 27 1 3 . 3 11 5 5 3 15 19 . . 7 . 22 6 7 Drop 188 | . . 3 4 1 . . 9 2 4 6 2 . 14 1 6 . . 2 1 2 2 1 14 3 16 . . 23 . 29 31 12 Fire 705 | 1 36 1 1 . . . 34 4 . 9 23 9 . 18 66 . 18 . 10 17 8 4 1 27 68 7 2 17 . 89 56 179 Melee 209 | . . . . . . . . 2 . 25 6 4 . . 41 . . . . 10 . . 5 19 1 . . 3 . 54 . 39 Ram 14 | . . . . . . . . . . . . . . . . . . . . . . . . . 7 . . . . . . 7 Kick . | . . . . . . . . . . . . . . . . . . . . . . . . . . . . . . . . . Crush 5 | . . 1 . . . 3 . . . . . . . . . . . . . . . . . . . . . . . . . 1 Escape Stasis 5 | . . . . . . . . . . . . . . . . . . . . . . . . . . . . . . . . 5 Rewire 4 | . . . . . . . . . . . . . . . . . . . . 4 . . . . . . . . . . . . Trap . | . . . . . . . . . . . . . . . . . . . . . . . . . . . . . . . . . Miscellaneous 8 | . . . . . . . . . . . . . . . . . . . . . . . . . . . . 8 . . . . Route ------- -11/Scrapyard -10/Materials -10/Mines (discovered 3 exits: *Mat x2 / [*Sub]) -9/Materials (discovered 3 exits: Mat / [*Min x2]) -9/Mines (discovered 2 exits: *Mat / *Exi) -9/Exiles -8/Mines -8/Materials -7/Factory -7/Waste -7/Factory (discovered 3 exits: *Fac / *Low x2) -7/Lower Caves -7/Lower Caves -7/Zion -6/Proximity Caves -6/Factory (discovered 4 exits: *Fac x2 / *Low x2) -6/Lower Caves -6/Lower Caves (discovered 2 exits: *Fac / *Dat) -6/Data Miner -5/Proximity Caves -5/Factory (discovered 4 exits: *Fac x2 / *Upp x2) -5/Upper Caves -5/Upper Caves (discovered 2 exits: *Fac / *Zhi) -5/Zhirov -4/Proximity Caves -4/Factory (discovered 3 exits: Res / [*Upp] / [*Arm]) -4/Upper Caves -4/Upper Caves (discovered 2 exits: *Res / *War) -4/Warlord -3/Proximity Caves -3/Research (discovered 3 exits: *Res / *Tes x2) -2/Research (discovered 2 exits: *Acc / [*Qua]) -1/Access History --------- Turn | Location | Event 4 | -11/Scrapyard | Discovered new exit (range 15) 45 | -11/Scrapyard | Entered Materials 273 | -10/Materials | Discovered new exit (range 15) 280 | -10/Materials | Entered Mines 300 | -10/Mines | Learned location of 1 exit from Materials 343 | -10/Mines | Build established: Mutant 1116 | -10/Mines | Identified exit to Materials 1140 | -10/Mines | Discovered exit to Materials (range 11) 1151 | -10/Mines | Discovered new exit (range 6) 1153 | -10/Mines | Entered Materials 1153 | -9/Materials | Evolved 2 slots: Propulsion x1, Utility x1 1154 | -9/Materials | Identified exit to Materials 1228 | -9/Materials | Discovered new exit (range 7) 1336 | -9/Materials | Discovered new exit (range 9) 1341 | -9/Materials | Entered Mines 1372 | -9/Mines | Met a Derelict bent on vengeance 1387 | -9/Mines | Discovered exit to Materials (range 13) 1419 | -9/Mines | Assembled infested the area 1577 | -9/Mines | Assisted by bots powering up and referring to "LRC-V3" 1639 | -9/Mines | Deemed a non-threat by the Exiles lab entrance 1640 | -9/Mines | Discovered new exit (range 5) 1651 | -9/Mines | Entered Exiles 1651 | -9/Exiles | Accompanied by 3 allies 1667 | -9/Exiles | Met 8R-AWN 1677 | -9/Exiles | Met EX-HEX 1726 | -9/Exiles | Met EX-BIN 1733 | -9/Exiles | Aligned with FarCom system 1734 | -9/Exiles | Given EX-Vault access code 1748 | -9/Exiles | Opened EX-Vault 1753 | -9/Exiles | Found Flying Fortress v7 1807 | -9/Exiles | Warned to stay clear of 0b10 Research branches 1879 | -9/Exiles | Met EX-DEC 1893 | -9/Exiles | Learned location of Zion (-7) 2071 | -9/Exiles | Discovered new exit (range 14) 2111 | -9/Exiles | Left Exiles lab with Flying Fortress v7 2111 | -9/Exiles | Entered Mines 2111 | -8/Mines | Accompanied by 3 allies 2509 | -8/Mines | Discovered exit to Materials (range 5) 2521 | -8/Mines | Entered Materials 2521 | -8/Materials | Accompanied by 3 allies 2521 | -8/Materials | Evolved 2 slots: Propulsion x2 3055 | -8/Materials | Discovered new exit (range 16) 3265 | -8/Materials | Entered Factory 3265 | -7/Factory | Evolved 2 slots: Utility x2 3435 | -7/Factory | Sucked down chute 3435 | -7/Factory | Entered Waste 3440 | -7/Waste | Spotted C-40 Crusher 3441 | -7/Waste | Spotted C-40 Crusher 3441 | -7/Waste | Spotted C-40 Crusher 3448 | -7/Waste | Spotted C-40 Crusher 3450 | -7/Waste | EMP discharged 3468 | -7/Waste | Spotted C-40 Crusher 3481 | -7/Waste | Discovered new exit (range 18) 3483 | -7/Waste | Spotted C-40 Crusher 3488 | -7/Waste | Entered Factory 3524 | -7/Factory | Discovered new exit (range 18) 3843 | -7/Factory | System Shield fried by hacking feedback 3907 | -7/Factory | Discovered new exit (range 16) 3907 | -7/Factory | Identified exit to Lower Caves 4287 | -7/Factory | Entered Lower Caves 4338 | -7/Lower Caves | Encountered a Warlord checkpoint 4431 | -7/Lower Caves | Spotted B-75 Beast 4707 | -7/Lower Caves | Found Alien Artifact 4707 | -7/Lower Caves | Identified Dimensional Node Initializer 4707 | -7/Lower Caves | Initialized slip node 5085 | -7/Lower Caves | Identified exit to Lower Caves 5092 | -7/Lower Caves | Entered another Lower Caves area 5148 | -7/Lower Caves | Encountered a Warlord checkpoint 5269 | -7/Lower Caves | Discovered new exit (range 5) 5271 | -7/Lower Caves | Entered Zion 5290 | -7/Zion | System corruption cleaned by Quarantine Array 5308 | -7/Zion | Found CR-A16's Pointy Stick 5332 | -7/Zion | Discovered new exit (range 16) 5336 | -7/Zion | Learned location of Extension (-5) 5386 | -7/Zion | Learned location of Quarantine (-2) 5420 | -7/Zion | Learned location of Warlord (-4) 5673 | -7/Zion | Given the Hacking Drone Bay 5673 | -7/Zion | Found Prototype Device 5688 | -7/Zion | Found GAL Module 5716 | -7/Zion | Acquired unknown access codes intercepted by a Zionite 5766 | -7/Zion | Rebuked by Imprinter 5869 | -7/Zion | Entered Proximity Caves 5921 | -6/Proximity Caves | Attracted the attention of an 0b10 checkpoint 6070 | -6/Proximity Caves | Spotted B-75 Beast 6092 | -6/Proximity Caves | Spotter reported a threat 6128 | -6/Proximity Caves | Identified exit to Factory 6231 | -6/Proximity Caves | Entered Factory 6231 | -6/Factory | Evolved 2 slots: Propulsion x1, Utility x1 6337 | -6/Factory | Repaired Broken Adv. Thermal Shield 6388 | -6/Factory | Identified exit to DSF 6424 | -6/Factory | Identified Hacking Drone Bay 7845 | -6/Factory | Discovered new exit (range 5) 7920 | -6/Factory | Identified exit to Factory 7978 | -6/Factory | Discovered exit to Factory (range 7) 7981 | -6/Factory | First assault squad dispatched 8129 | -6/Factory | Identified exit to Lower Caves 8280 | -6/Factory | Entered Lower Caves 8480 | -6/Lower Caves | Discovered new exit (range 21) 8487 | -6/Lower Caves | Identified exit to Lower Caves 8487 | -6/Lower Caves | Entered another Lower Caves area 8498 | -6/Lower Caves | Discovered exit to Factory (range 7) 8912 | -6/Lower Caves | Discovered new exit (range 24) 8923 | -6/Lower Caves | Identified exit to Data Miner 8923 | -6/Lower Caves | Entered Data Miner 8924 | -6/Data Miner | Discovered new exit (range 6) 8929 | -6/Data Miner | Met Data Miner 8937 | -6/Data Miner | Learned location of Section 7 (-2) 8937 | -6/Data Miner | Acquired the access code to Warlord's prototype stash 8943 | -6/Data Miner | Received God Mode back door access code from Data Miner 8958 | -6/Data Miner | Entered Proximity Caves 9141 | -5/Proximity Caves | Learned Factory garrison access intel 9154 | -5/Proximity Caves | Spotted B-75 Beast 9285 | -5/Proximity Caves | Discovered exit to Factory (range 2) 9300 | -5/Proximity Caves | Entered Factory 9300 | -5/Factory | Evolved 2 slots: Propulsion x1, Utility x1 9301 | -5/Factory | Identified exit to Upper Caves 9302 | -5/Factory | Loaded intel: 4 garrison access locations 9313 | -5/Factory | Discovered new exit (range 6) 9389 | -5/Factory | Discovered new exit (range 7) 9550 | -5/Factory | Discovered exit to Upper Caves (range 21) 9948 | -5/Factory | Entered Upper Caves 9948 | -5/Upper Caves | Accompanied by 1 ally 10040 | -5/Upper Caves | Learned location of 1 exit from Factory 10255 | -5/Upper Caves | Build established: Scavenger-Mutant 10284 | -5/Upper Caves | Discovered new exit (range 10) 10290 | -5/Upper Caves | Learned Factory interactive machine intel 10295 | -5/Upper Caves | Entered another Upper Caves area 10307 | -5/Upper Caves | Discovered new exit (range 9) 10610 | -5/Upper Caves | Spotted B-75 Beast 10709 | -5/Upper Caves | Build established: Mutant 10802 | -5/Upper Caves | Discovered new exit (range 6) 10809 | -5/Upper Caves | Entered Zhirov 10809 | -5/Zhirov | Discovered new exit (range 3) 10830 | -5/Zhirov | Met Zhirov 10853 | -5/Zhirov | Learned location of Testing (-3) 10853 | -5/Zhirov | Learned location of Command (-1) 10875 | -5/Zhirov | Zhirov requested help retrieving the SGEMP Prototype 10896 | -5/Zhirov | Found Alien Artifact 10896 | -5/Zhirov | Identified Integrated Dissipator 10896 | -5/Zhirov | Installed Integrated Dissipator, increased core heat dissipation (+20) 10914 | -5/Zhirov | Found Alien Artifact 11166 | -5/Zhirov | Entered Proximity Caves 11413 | -4/Proximity Caves | Spotter reported a threat 11862 | -4/Proximity Caves | Attracted the attention of an 0b10 checkpoint 11904 | -4/Proximity Caves | Discovered new exit (range 22) 11915 | -4/Proximity Caves | Spotted B-86 Titan 12118 | -4/Proximity Caves | Entered Factory 12118 | -4/Factory | Evolved 2 slots: Utility x2 12119 | -4/Factory | Identified exit to Research 12120 | -4/Factory | Loaded intel: 51 interactive machine locations 12212 | -4/Factory | Repaired F-cell Engine? 12297 | -4/Factory | Repaired Hyp. Coil Gun 12391 | -4/Factory | Build established: Infiltrator-Mutant 12804 | -4/Factory | Repaired Lyr. Medium Armor Plating? 12871 | -4/Factory | Repaired Enh. Gauss Cannon 13274 | -4/Factory | Build established: Skirmisher 13544 | -4/Factory | Lost 5 parts (1n1u3w) 13550 | -4/Factory | Allied Derelicts emerged from ambush trap array 13628 | -4/Factory | Incoming investigation squad redirected 13657 | -4/Factory | Spotted B-86 Titan 13720 | -4/Factory | Discovered new exit (range 15) 13748 | -4/Factory | Discovered new exit (range 6) 13759 | -4/Factory | Entered Upper Caves 13791 | -4/Upper Caves | Learned Research terminal intel 13794 | -4/Upper Caves | Identified exit to Upper Caves 13798 | -4/Upper Caves | Attracted the attention of an 0b10 checkpoint 13916 | -4/Upper Caves | Entered another Upper Caves area 13941 | -4/Upper Caves | Discovered exit to Research (range 6) 13975 | -4/Upper Caves | Learned Research trap positions 13991 | -4/Upper Caves | Learned Research interactive machine intel 14015 | -4/Upper Caves | Build established: Sprinter 14017 | -4/Upper Caves | Discovered new exit (range 8) 14026 | -4/Upper Caves | Entered Warlord 14038 | -4/Warlord | System corruption cleaned by Quarantine Array 14110 | -4/Warlord | Met Warlord 14135 | -4/Warlord | Warlord's base attacked by MAIN.C 14214 | -4/Warlord | Found Prototype Processor 14214 | -4/Warlord | Identified Exp. Target Analyzer 14225 | -4/Warlord | Found Prototype Reactor 14269 | -4/Warlord | Found Prototype Energy Gun 14269 | -4/Warlord | Identified Vortex Shotgun 14284 | -4/Warlord | Found Prototype Launcher 14393 | -4/Warlord | Warlord forces counterattacked 14454 | -4/Warlord | Lost 3 allies 14478 | -4/Warlord | Spotted Executioner 14501 | -4/Warlord | Discovered new exit (range 9) 14529 | -4/Warlord | Lost 5 allies 14588 | -4/Warlord | Lost 6 allies 14635 | -4/Warlord | Spotted Striker 14637 | -4/Warlord | Spotted Executioner 14637 | -4/Warlord | Spotted Striker 14662 | -4/Warlord | Destroyed Striker 14701 | -4/Warlord | Lost 5 parts (2p1n2u) 14702 | -4/Warlord | Lost 11 allies 14707 | -4/Warlord | Entered Proximity Caves 14785 | -3/Proximity Caves | Spotted B-86 Titan 14824 | -3/Proximity Caves | Discovered exit to Research (range 16) 14831 | -3/Proximity Caves | Entered Research 14831 | -3/Research | Evolved 2 slots: Power x1, Propulsion x1 14832 | -3/Research | Loaded intel: 82 trap records 14832 | -3/Research | Identified Vortex Chain Reactor 14833 | -3/Research | Loaded intel: 44 interactive machine locations 14834 | -3/Research | Loaded intel: 22 terminal locations 15181 | -3/Research | Found Fusion Bomb Launcher 15324 | -3/Research | Build established: Scavenger-Sprinter 15369 | -3/Research | Discovered new exit (range 21) 15420 | -3/Research | Found Unknown Launcher 15420 | -3/Research | Identified Gamma Bomb Array 15881 | -3/Research | Discovered new exit (range 21) 15979 | -3/Research | Spotted B-86 Titan 16293 | -3/Research | Identified exit to Testing 16585 | -3/Research | Repaired Centrium Light Armor Plating 16777 | -3/Research | Spotted B-86 Titan 16781 | -3/Research | Spotted B-86 Titan 16801 | -3/Research | Crushed by falling debris 16801 | -3/Research | System corruption reached 10% 16830 | -3/Research | Destroyed 7 combat bots 16831 | -3/Research | First assault squad dispatched 16846 | -3/Research | Lost 7 parts (2p3n2u) 17061 | -3/Research | Entered another Research area 17061 | -2/Research | Warlord forces began assault on 0b10 17061 | -2/Research | Evolved 2 slots: Utility x1, Weapon x1 17171 | -2/Research | Research machine network offline 17229 | -2/Research | Spotted B-90 Cyclops 17290 | -2/Research | Borebot progress halted 17375 | -2/Research | Build established: Mutant 17457 | -2/Research | Found Prototype Processor 17457 | -2/Research | Identified Exp. Melee Analysis Suite 17462 | -2/Research | Borebot progress halted 17544 | -2/Research | Borebot progress halted 17554 | -2/Research | Met up with Warlord 17644 | -2/Research | Spotted Striker 17655 | -2/Research | Discovered new exit (range 18) 17663 | -2/Research | Spotted Executioner 17690 | -2/Research | Lost 5 allies 17696 | -2/Research | Discovered new exit (range 19) 17712 | -2/Research | Found Prototype Launcher 17712 | -2/Research | Identified Adv. Micro-nuke Launcher 17785 | -2/Research | Found Megatreads 17817 | -2/Research | Spotted Striker 17830 | -2/Research | Spotted Striker 17861 | -2/Research | Found Adv. Micro-nuke Launcher 17874 | -2/Research | Found Adv. Micro-nuke Launcher 17964 | -2/Research | Spotted Striker 17977 | -2/Research | P-80 Master assimilated allied EJ-4IB(K) 17977 | -2/Research | Spotted EJ-4IB(K) 17980 | -2/Research | Destroyed Striker 18019 | -2/Research | Lost 5 allies 18052 | -2/Research | Build established: Scavenger-Tank 18062 | -2/Research | Spotted Executioner 18070 | -2/Research | Spotted Executioner 18072 | -2/Research | Warlord invited to help at Command 18086 | -2/Research | Spotted Executioner 18086 | -2/Research | Spotted Executioner 18117 | -2/Research | Lost 3 allies 18430 | -2/Research | Spotted Executioner 18432 | -2/Research | Spotted Striker 18445 | -2/Research | Spotted Striker 18453 | -2/Research | Spotted Striker 18471 | -2/Research | Destroyed Striker 18486 | -2/Research | Spotted Striker 18491 | -2/Research | Lost 7 allies 18512 | -2/Research | Found Prototype Device 18512 | -2/Research | Identified Adv. Kinecellerator 18522 | -2/Research | Spotted Executioner 18553 | -2/Research | Entered Access 18553 | -1/Access | Evolved 2 slots: Utility x1, Weapon x1 18609 | -1/Access | Garrison activated, responded to threat 18671 | -1/Access | Lost 5 allies 19053 | -1/Access | First assault squad dispatched 19277 | -1/Access | Found Prototype Processor 19277 | -1/Access | Identified Exp. Core Analyzer 19366 | -1/Access | System corruption reached 10% 19400 | -1/Access | Destroyed 9 combat bots 19405 | -1/Access | Lost 4 parts (3u1w) 19469 | -1/Access | Destroyed 7 combat bots 19523 | -1/Access | Found Prototype Device 19523 | -1/Access | Identified Thermal Barrier 19661 | -1/Access | Build established: Scavenger-Gunner 20218 | -1/Access | High security lockdown imminent 20298 | -1/Access | High security lockdown engaged 20505 | -1/Access | Spotted Executioner 20505 | -1/Access | Spotted Striker 20532 | -1/Access | Destroyed 16 combat bots 20538 | -1/Access | Destroyed Striker 20546 | -1/Access | Spotted Executioner 20548 | -1/Access | Destroyed Executioner 20554 | -1/Access | Destroyed Executioner 20568 | -1/Access | System corruption reached 30% 20611 | -1/Access | Destroyed 14 combat bots 20613 | -1/Access | Spotted Investigator 20618 | -1/Access | Scanned by Researcher 20619 | -1/Access | Lost 7 parts (1p1n2u3w) 20620 | -1/Access | Destroyed Investigator 20664 | -1/Access | Destroyed 9 combat bots 20684 | -1/Access | Spotted Striker 20684 | -1/Access | Spotted Striker 20695 | -1/Access | Identified Vortex Catalyst Activator 20710 | -1/Access | Identified Transdimensional Reconstructor 20710 | -1/Access | Warped through subspace 20713 | -1/Access | Found Unknown Device 20713 | -1/Access | Identified Quantum Capacitor 20741 | -1/Access | Lost 8 parts (1p1n2u4w) 20856 | -1/Access | Found Enh. Force Lance 20885 | -1/Access | Spotted Striker 20901 | -1/Access | Core integrity fell below 50% 20933 | -1/Access | Core integrity fell below 20% 20951 | -1/Access | Crushed by falling debris 20951 | -1/Access | Smashed by cave-in Last Messages --------------- effect. 20934_ Striker destroyed. 20934_ 28 Matter crushed. 20935_ Enh. Force Lance destroyed. 20945_ System corrupted: Matter fused (-6). 20945_ Slammed into P-80 Master. 20945_ Destabilizing: Core damaged (-16). 20945_ C-30 ARC bursts open, deploying its payload. 20945_ G-73 Enforcer unfolds itself. 20946_ The unstable cave ceiling collapses. 20946_ 108 Matter crushed. 20946_ Slammed into P-80 Master. 20948_ Exp. Energy Well destroyed. 20950_ The unstable cave ceiling collapses. 20950_ P-80 Master crushed by falling debris. 20950_ Slammed into P-80 Master. 20950_ Critical hit (Burn: +37). 20951_ The unstable cave ceiling collapses. 20951_ Crushed by falling debris. Map ----- +----------------------------------------------------+ | ??????????????????????????# # " %= # ????? | | ??????????????????????????# # %% ##???? | | ??????????????????????????###### # # ##??? | | ????????????????????????????## # ! ##?? | | ???????????????????????????## #### ![ # # # #?? | | ???????????????????????????? # # # % ] # # ##? | | ?????????????????????????????# # ""## | | ??????????????????????????????## # " | | ???????????????????????????????## % [ | | ??????????????????????????????## # = = | | ??????????????????????????????# | | ??????????????????????????????## #### ! | | ???????????????????????????????# # | | ??????????????????#????????????# | | ????????????????## ###?????????## # =%* | | ??????????????# ??????????## # ## * | | ??????????????? #??????????#### # # [%# | | ??????????????? #?????????????# # # =! | | ??????????????? #?????????????# #### # # | | ???????????????" #?????????????# ## # % | | ??????????????#"" #?????????????# ### | | ??????????????#"" #?????????????# #?# ##% # | | ??????????????#"" #?????????????# #?### # # # | | ??????????????#"" ####??????????? #???### #### | | ??????????????#"T ##p##?????????? ??????#+#??? | | ??????????????#"" ##g@#?????????? ??????? ??? | | ??????????????#"" ##g##???####### ??????? ??? | | ??????????????#"" #####???? # #?????? "??? | | ??????????????#"" !###Y#"## # ??????""??? | | ########??????#" !!bippp! h% !# #???????"??? | | ! [ #??????# Y######## # #??????? ??? | | ######## b #######???? # #??????????? | | = # #######/## #???? # #??????????? | | # ^^ ######+## #######????? | | [ + ^ C "%" | | ! # #########+#######????? | | ! # #######/## #?????# #???????? | | !! #######???? ####+#####???# #???????? | | #????????] # #???#!!! #???????? | | ########??????#]] + #???#!! #???????? | | ??????????????# #= ""#???#! #???????? | | ??????????????# # ""#???# #???????? | | ??????????????# ! # T"#???########???????? | | ??????????????# #!! ""#??????????????????? | | ??????????????#"" ] #!! ""#??????????????????? | | ??????????????#"" =#!! #??????????????????? | | ???????????????"Y # ! #??????????????????? | | ????????????????" ##########??????????????????? | | ????????????????" ????????????????????????????? | | ???????????????? ????????????????????????????? | +----------------------------------------------------+ Best States ------------- Heat Dissipation 129 Coolant Potential 120 Energy Generation 55 Energy Capacity 1040 Matter Stores 300 Matter Capacity 300 Sight Range 23 Robot Scan Range 18 Terrain Scan Density 10 ECM Strength 1 Jamming Range 16 Additional Mass Support 16 Armor Coverage 750 Resistance: TH 50 Core Shielding 40 Propulsion Shielding 66 Weapon Shielding 66 Point Defense Rating 240 Weapon Cycling 25 Melee Speed Boost 20 Phase Shifting 15 Evasion (%) 73 Core Analysis 8 Recoil Reduction 8 Matter Filtering 50 Kinecelleration 50 Force Boost 20 Salvage Targeting 3 Offensive Hacking 26 Defensive Hacking 14 Item Schematics ----------------- F-cell Engine | -6/Factory | Scanalyzed Enh. Optical Array | -6/Factory | Hacked Combat Drone Bay | -6/Data Miner | Free Lgt. Regenerative Plating | -6/Data Miner | Free Enh. Armored Leg | -6/Data Miner | Free Lgt. Particle Reactor | -6/Data Miner | Free Adv. Component Analysis Suite | -6/Data Miner | Free Adv. Medium Treads | -6/Data Miner | Free Adv. Datajack | -6/Data Miner | Free Myomer Leg | -6/Data Miner | Free Hvy. Gatling Laser | -6/Data Miner | Free Prc. Energy Filter | -6/Data Miner | Free Adv. Transmission Jammer | -6/Data Miner | Free Assault Drone Bay | -5/Zhirov | Free Exp. Heat Sink | -5/Zhirov | Free Exp. Optical Array | -5/Zhirov | Free Imp. Arc Thrower | -5/Zhirov | Free Vortex Chain Reactor | -3/Research | Scanalyzed Lrg. Storage Unit | -3/Research | Hacked Robot Schematics ------------------ S-27 Virus | -6/Data Miner | Free I-47 Archangel | -6/Data Miner | Free E-15 Imp | -6/Data Miner | Free L-61 Swordsman | -6/Data Miner | Free M-36 Artificer | -6/Data Miner | Free M-30 Cleanser | -6/Data Miner | Free M-22 Extractor | -6/Data Miner | Free Fabricated ------------ Nothing Alien Tech Used ----------------- Dimensional Node Initializer Integrated Dissipator Transdimensional Reconstructor Achievements -------------- Cya! Decoder Ring Preemptive Strike Sniper Challenges ------------ None Game ------ Seed CombatGrenadeSuperbattery Manual? 0 Play Time 06:20:25 Cumulative 120.8 hours Start 2024.05.25 @ 19:23:57 End 2024.05.29 @ 17:06:20 Sessions 11 Manual Loads 0 Difficulty Rogue Special Mode None Game No. 57 Rogue 57 Adventurer 0 Explorer 0 Win Type - Total 2 Types 1/0/1/0/0/0/0/0/0 Lore% 61 Gallery% 73 Achievement% 55 Wizard Run 0 Options --------- Layout 1 ASCII 0 Keyboard 0 Movement Mouse Keybinds 0 Fullscreen 2 Font 18/SmallcapsGlow Map View 50x40 Zoom Use 0% Tactical HUD 1 Map Filters NONE Filters NONE Steam 1 RUN: 2147278f-8d57-45c2-8f81-6f6d8acc67c0